 Dungeon Crawl Stone Soup version 0.21-a0-404-g291f19a (webtiles) character file.

67 Tarsiiformes the Skirmisher (level 3, -5/31 HPs)
             Began as a Demonspawn Warper on Oct 31, 2017.
             Killed from afar by Sigmund (7 damage)
             ... with a puff of flame
             ... on level 2 of the Dungeon.
             The game lasted 00:05:32 (1815 turns).

Tarsiiformes the Skirmisher (Demonspawn Warper)     Turns: 1815, Time: 00:05:33

Health: -5/31      AC:  5    Str: 11    XL:     3   Next: 98%
Magic:  6/6        EV: 10    Int: 14    God:
Gold:   108        SH:  0    Dex: 13    Spells: 4/6 levels left

rFire    . . .     SeeInvis .   a - +0 falchion
rCold    . . .     Gourm    .   (no shield)
rNeg     . . .     Faith    .   m - +0 ring mail
rPois    .         Spirit   .   (no helmet)
rElec    .         Reflect  .   (no cloak)
rCorr    .         Harm     .   (no gloves)
MR       .....                  (no boots)
Stlth    +.........             (no amulet)
HPRegen  0.10/turn              (no ring)
MPRegen  0.10/turn              (no ring)

@: no status effects
A: powered by death 1
a: no special abilities


You were on level 2 of the Dungeon.
You were very hungry.

You visited 1 branch of the dungeon, and saw 2 of its levels.

You collected 108 gold pieces.

Inventory:

Hand Weapons
 a - a +0 falchion (weapon)
Missiles
 e - 5 tomahawks of dispersal (quivered)
Armour
 b - a +0 leather armour
 m - a +0 ring mail (worn)
Scrolls
 d - a scroll of blinking
 h - a scroll of teleportation {unknown}
 i - 2 scrolls of remove curse {unknown}
 k - a scroll of fog {unknown}
 n - 2 scrolls of enchant armour {unknown}
 p - 2 scrolls of identify {unknown}
 t - a scroll of immolation {unknown}
Potions
 j - a potion of heal wounds {unknown}
 o - a potion of curing {unknown}
 q - a potion of might {unknown}
 r - 2 potions of flight {unknown}
 s - a potion of haste {unknown}
Books
 c - a book of Spatial Translocations

   Spells                             Type                      Level
   a - Blink                          Translocation                2
   b - Shroud of Golubria             Charms/Translocation         2
   c - Lesser Beckoning               Translocation                3
   d - Gell's Gravitas                Translocation                3
   e - Teleport Other                 Translocation                3
   f - Passage of Golubria            Translocation                4
Comestibles
 f - 2 bread rations
 g - 4 fruits
 l - a meat ration


   Skills:
 * Level 4.3 Fighting
 - Level 1.7 Long Blades
 - Level 0.8 Throwing
 - Level 0.8 Armour
 - Level 1.7 Dodging
 - Level 2.0 Spellcasting
 - Level 2.6 Translocations


You had 4 spell levels left.
You knew the following spells:

 Your Spells              Type           Power        Failure   Level  Hunger
a - Blink                 Tloc           N/A          28%         2    ###....


Dungeon Overview and Level Annotations

Branches:
Dungeon (2/15)

Altars:
Hepliaklqana
Ru

Annotations:
D:2 Sigmund


Innate Abilities, Weirdness & Mutations

You regenerate a little health from kills.


Message History

You closely miss Sigmund. Sigmund hits you with a scythe.
* * * LOW HITPOINT WARNING * * *
You barely miss Sigmund. Sigmund barely misses you.
You barely miss Sigmund.
Sigmund mumbles some strange words.
Sigmund flickers and vanishes!
Deactivating autopickup; reactivate with Ctrl-A.
You hit something.
You hear some strange, mumbled words.
Something tries to affect you, but you resist.
You hit something but do no damage. Something hits you but does no damage.
You closely miss something. Something hits you.
* * * LOW HITPOINT WARNING * * *
You hit something. Something hits you but does no damage.
You closely miss something. You miss something.
You hear some strange, mumbled words.
A puff of flame appears from out of thin air!
The puff of flame hits you!
You die...

#.# ..# ####.#####
#.# ......... ###.#
.###.##.. .(.# .# #.#
.# #..# .# #.##.# #
#..#
.###.##.#.#####.{####
.>.........[....@...#
.#............#.###.#
.#...#..#####.#. #.#
.....#..# # #. #.#
....##..# #.#. #.#
.##.##.<#####.#. #.#
.##.##..........###.#
###.<..(.###.....##.#
# ####.#.#...#.#....#


There were no monsters in sight!

Vanquished Creatures
  2 adders (D:2)
  An ooze (D:1)
  A dart slug (D:1)
  5 bats
  A giant cockroach (D:2)
  5 goblins
  9 hobgoblins
  3 jackals (D:1)
  4 kobolds
  A frilled lizard (D:1)
  6 rats
38 creatures vanquished.

Notes
Turn   | Place    | Note
-------+----------+-------------------------------------------
     0 | D:1      | Tarsiiformes the Demonspawn Warper began the quest for the Orb.
     0 | D:1      | Reached XP level 1. HP: 16/16 MP: 3/3
   161 | D:1      | Gained mutation: You regenerate a little health from kills. [demonic ancestry]
   161 | D:1      | Reached XP level 2. HP: 7/23 MP: 5/5
   412 | D:1      | Reached skill level 3 in Fighting
   421 | D:1      | Learned a level 2 spell: Blink
   564 | D:1      | You fall through a shaft!
   868 | D:1      | Reached XP level 3. HP: 28/29 MP: 6/6
  1322 | D:2      | Reached skill level 4 in Fighting
  1620 | D:2      | Found a sacrificial altar of Ru.
  1655 | D:2      | Found a hazy altar of Hepliaklqana.
  1790 | D:2      | Noticed Sigmund
  1815 | D:2      | Killed from afar by Sigmund

Vault maps used:
D:1:      dpeg_arrival_lava_temple_mockup, minmay_misc_feat_enclosed,
          minmay_tromino_i2
D:2:      good_gods_temple_1, lemuel_crystal_altar,
          nicolae_overflow_crystal_walls, gammafunk_temple_overflow_elements,
          first_bread, uniq_sigmund

Skill      XL: |  1  2  3 |
---------------+----------+-----
Fighting       | 3 4 |  4.3
Long Blades    | |  1.7
Throwing       | |  0.8
Armour         | |  0.8
Dodging        | |  1.7
Spellcasting   | |  2.0
Translocations | |  2.6

Action                   || total
-------------------------++-------
Melee: Falchion          ||   158
  Eat: Chunk             ||     2
Armor: Leather armour    ||    35
       Ring mail         ||    25
Dodge: Dodged            ||   101
       Rpst.: Falchion   ||    29

Table legend:
 A = Spawn XP
 B = Non-spawn XP
 C = Spawn XP percentage of total XP
 D = Spawn monster count
 E = Non-spawn monster count
 F = Spawn count percentage of total count
 G = Total turns spent on level
                    A         B        C        D         E        F      G
               +---------+---------+-------+---------+---------+-------+---------
         Total |       0 |      96 |   0.0 |       0 |      38 |   0.0 |  1815
               +---------+---------+-------+---------+---------+-------+---------
           D:1 |       0 |      50 |   0.0 |       0 |      24 |   0.0 |  1192
           D:2 |       0 |      46 |   0.0 |       0 |      14 |   0.0 |   623
               +---------+---------+-------+---------+---------+-------+---------
